 Dungeon Crawl Stone Soup version 0.21.1-1-g345015f (webtiles) character file.

1104 doot the Chucker (level 8, -6/74 HPs)
             Began as a Troll Hunter on June 7, 2018.
             Mangled by Jaiteiro's ghost (9 damage)
             ... on level 5 of the Dungeon.
             The game lasted 00:15:01 (5288 turns).

doot the Chucker (Troll Hunter)                     Turns: 5288, Time: 00:15:02

Health: -6/74      AC:  5    Str: 23    XL:     8   Next: 11%
Magic:  0/7        EV: 11    Int: 12    God:
Gold:   350        SH:  0    Dex: 10    Spells: 7/7 levels left

rFire    . . .     SeeInvis .   B - +0 giant spiked club
rCold    . . .     Gourm    +   (shield currently unavailable)
rNeg     + . .     Faith    .   b - +0 robe
rPois    .         Spirit   +   (helmet restricted)
rElec    .         Reflect  .   q - scarf {Spirit}
rCorr    +         Harm     .   (gloves unavailable)
MR       .....                  (boots unavailable)
Stlth    ++........             (no amulet)
HPRegen  0.62/turn              m - ring of resist corrosion
MPRegen  0.10/turn              u - ring of positive energy

@: brilliant
A: large, unfitting armour, claws 3, fast metabolism 3, gourmand, regeneration
1, shaggy fur 1, tough skin 2
a: no special abilities


You were on level 5 of the Dungeon.
You were not hungry.

You visited 1 branch of the dungeon, and saw 5 of its levels.

You collected 350 gold pieces.

Inventory:

Hand Weapons
 a - a +0 short sword
 r - a +1 mace
 x - a +0 giant club
 B - a +0 giant spiked club (weapon)
 C - a +0 giant club
Armour
 b - a +0 robe (worn)
 q - a scarf of spirit shield (worn)
Jewellery
 m - a ring of resist corrosion (left claw)
 u - a ring of positive energy (right claw)
 A - an uncursed ring of fire
 G - an uncursed ring of ice {unknown}
Wands
 c - a wand of enslavement (13)
 p - a wand of iceblast (3)
 E - a wand of scattershot (5)
Scrolls
 d - a scroll of enchant armour {unknown}
 e - 2 scrolls of blinking
 g - 3 scrolls of amnesia {unknown}
 h - a scroll of fear {unknown}
 i - a scroll of enchant weapon
 k - 2 scrolls of magic mapping {unknown}
 n - a scroll of remove curse {unknown}
 s - 3 scrolls of identify
 v - 3 scrolls of teleportation {unknown}
Potions
 j - 4 potions of curing
 l - a potion of agility {unknown}
 o - a potion of might
 t - a potion of heal wounds {unknown}
 w - a potion of ambrosia
 z - a potion of flight {unknown}
Books
 F - a book of Changes

   Spells                             Type                      Level
   a - Beastly Appendage              Transmutation                1
   b - Sticks to Snakes               Transmutation                2
   c - Spider Form                    Transmutation/Poison         3
   d - Ice Form                       Ice/Transmutation            4
   e - Blade Hands                    Transmutation                5
Comestibles
 f - 8 rations


   Skills:
 + Level 2.9 Fighting
 + Level 1.5 Short Blades
 + Level 4.6 Maces & Flails
 + Level 6.0 Throwing
 + Level 3.4 Dodging
 + Level 1.4 Stealth


You had 7 spell levels left.
You didn't know any spells.

Dungeon Overview and Level Annotations

Branches:
Dungeon (5/15)
 Temple: D:4-7

Altars:
Elyvilon

Annotations:
D:5 Jaiteiro's ghost, amateur MiFi


Innate Abilities, Weirdness & Mutations

You are too large for most types of armour.
You have claws for hands.
Your metabolism is lightning-fast.
You like to eat raw meat.
Your natural rate of healing is unusually fast.
You are covered in fur. (AC +1)
You have very tough skin. (AC +2)


Message History

Jaiteiro's ghost hits you!
* * * LOW HITPOINT WARNING * * *
Jaiteiro's ghost hits you!
* * * LOW HITPOINT WARNING * * *
A centaur comes into view.
The centaur shouts!
The centaur wields a shortbow.
The centaur shoots an arrow.
The arrow hits you.
* * * LOW HITPOINT WARNING * * *
The centaur shoots an arrow.
The arrow hits you!
* * * LOW HITPOINT WARNING * * *
You see here 2 arrows.
The centaur shoots an arrow.
The arrow hits you.
* * * LOW HITPOINT WARNING * * *
You see here an arrow.
It was a potion of brilliance.
You feel clever all of a sudden.
The centaur shoots an arrow.
The arrow closely misses you.
The arrow closely misses Jaiteiro's ghost.
Jaiteiro's ghost hits you!
You die...

#w####+####.....#....
#.# #.......... #.#
#.......... #J#
#.......... #.#
#.#.##..... #.#
#.#........
#J####+####....##....
#.ZW.#(#.......###...
####@###......#......
#............#####
#..........### #
#...c......# #
#..........# #
#..<.......# ##
#..........######.
#............h....
######......#.hh..


You could see a centaur, Jaiteiro's ghost, an ooze and a hound skeleton.

Vanquished Creatures
  A sky beast (D:2)
  A phantom (D:5)
  7 ogres
  A crimson imp (D:5)
  A hound (D:4)
  A gnoll shaman (D:3)
  A worker ant (D:4)
  5 gnolls (D:4)
  8 adders
  2 oozes
  4 worms
  A dart slug (D:1)
  8 leopard geckos
  5 orcs (D:3)
  6 bats
  3 giant cockroaches
  6 goblins
  3 hobgoblins
  5 jackals
  6 kobolds
  2 quokkas (D:4)
  A ball python (D:3)
  12 frilled lizards
  A rat (D:2)
91 creatures vanquished.

Notes
Turn   | Place    | Note
-------+----------+-------------------------------------------
     0 | D:1      | doot the Troll Hunter began the quest for the Orb.
     0 | D:1      | Reached XP level 1. HP: 19/19 MP: 0/0
     2 | D:1      | Noticed a vine stalker
     3 | D:1      | Noticed an octopode
     5 | D:1      | Noticed a draconian
     5 | D:1      | Noticed a troll
     7 | D:1      | Noticed an elf
     9 | D:1      | Noticed a demonspawn
     9 | D:1      | Noticed a halfling
    11 | D:1      | Noticed a minotaur
    11 | D:1      | Noticed a dwarf
    13 | D:1      | Noticed a human
    13 | D:1      | Noticed a felid
    15 | D:1      | Noticed a ghoul
    15 | D:1      | Noticed a vampire
    17 | D:1      | Noticed a centaur
    17 | D:1      | Noticed a gargoyle
    19 | D:1      | Noticed a naga
    21 | D:1      | Noticed a merfolk
    21 | D:1      | Noticed a formicid
    23 | D:1      | Noticed a tengu
    25 | D:1      | Noticed a spriggan
    27 | D:1      | Noticed an ogre
    27 | D:1      | Noticed a demigod
   202 | D:1      | Reached skill level 4 in Throwing
   202 | D:1      | Reached XP level 2. HP: 26/27 MP: 1/1
   864 | D:2      | Noticed a sky beast
   892 | D:2      | Killed a sky beast
   892 | D:2      | Reached skill level 5 in Throwing
   892 | D:2      | Reached XP level 3. HP: 18/35 MP: 2/2
   892 | D:2      | Reached XP level 4. HP: 21/42 MP: 3/3
  1740 | D:2      | Reached skill level 1 in Short Blades
  1740 | D:2      | Reached XP level 5. HP: 49/49 MP: 4/4
  3137 | D:4      | Noticed an ogre
  3138 | D:4      | Killed an ogre
  3138 | D:4      | Reached skill level 1 in Stealth
  3138 | D:4      | Reached XP level 6. HP: 57/57 MP: 5/5
  3206 | D:4      | Reached skill level 1 in Maces & Flails
  3350 | D:4      | HP: 2/57 [ogre/giant spiked club (8)]
  3695 | D:4      | Reached XP level 7. HP: 50/65 MP: 6/6
  3820 | D:4      | Found a white marble altar of Elyvilon.
  4914 | D:5      | Entered Level 5 of the Dungeon
  4918 | D:5      | Reached skill level 6 in Throwing
  5082 | D:5      | Reached XP level 8. HP: 74/74 MP: 7/7
  5179 | D:5      | Noticed Jaiteiro's ghost (amateur MiFi)
  5287 | D:5      | HP: 2/74 [centaur/arrow (3)]
  5288 | D:5      | Mangled by Jaiteiro's ghost

Skill      XL: |  1  2  3  4  5  6  7 |
---------------+----------------------+-----
Throwing       | 4 5 6 |  6.0
Dodging        | 2 3 |  3.4
Short Blades   | 1 |  1.5
Fighting       | 2 |  2.9
Stealth        | 1 |  1.4
Maces & Flails | 2 4 |  4.6

Action                   |  1- 3 |  4- 6 |  7- 9 || total
-------------------------+-------+-------+-------++-------
Melee: Short sword       |    49 |    31 |       ||    80
       Mace              |       |    32 |       ||    32
       Giant club        |       |    55 |   131 ||   186
       Giant spiked club |       |       |    43 ||    43
Throw: Large rock        |     5 |    55 |     6 ||    66
       Throwing net      |       |     8 |       ||     8
  Use: Potion            |     2 |       |     1 ||     3
       Scroll            |       |     3 |       ||     3
 Stab: Held in net/web   |       |     2 |       ||     2
       Sleeping          |       |     1 |     1 ||     2
  Eat: Chunk             |     3 |    21 |    17 ||    41
       Ration            |     1 |     1 |       ||     2
Armor: Robe              |    17 |    56 |    77 ||   150
Dodge: Dodged            |    25 |   100 |   135 ||   260
